 Dungeon Crawl Stone Soup version 0.29-a0-43-g62a80824bf (webtiles) character file.

Game seed: 5537904975548931463

242 grumblor the Skirmisher (level 5, -4/42 HPs)
             Began as a Mummy Fighter on Feb 3, 2022.
             Slain by a yak (8 damage)
             ... on level 3 of the Dungeon.
             The game lasted 00:03:05 (3833 turns).

grumblor the Skirmisher (Mummy Fighter)             Turns: 3833, Time: 00:03:05

Health: -4/42      AC:  8    Str: 21    XL:     5   Next: 81%
Magic:  5/5        EV:  9    Int:  8    God:
Gold:   126        SH:  4    Dex: 11    Spells: 4/4 levels left

rFire   x . .      SeeInvis .   a - +0 war axe
rCold   + . .      Faith    .   c - +0 buckler
rNeg    + + +      Spirit   .   b - +0 scale mail
rPois   ∞          Reflect  .   (no helmet)
rElec   .          Harm     .   h - +0 cloak
rCorr   .          Rampage  .   (no gloves)
Will    .....                   (no boots)
Stlth   ..........              (no amulet)
HPRegen 0.14/turn               (no ring)
MPRegen 0.09/turn               (no ring)

@: no status effects
A: cold resistance 1, negative energy resistance 3, torment resistance 2, heat
vulnerability 1, no potions
a: no special abilities


You were on level 3 of the Dungeon.
You visited 1 branch of the dungeon, and saw 4 of its levels.

You collected 126 gold pieces.

Inventory:

Hand Weapons
 a - a +0 war axe (weapon)
Armour
 b - a +0 scale mail (worn)
 c - a +0 buckler (worn)
 h - a +0 cloak (worn)
Jewellery
 f - a +6 ring of strength
Scrolls
 d - a scroll of fog
 e - a scroll of teleportation
 g - a scroll of identify


   Skills:
 * Level 4.0 Fighting
 + Level 3.0 Axes
 + Level 3.3 Armour
 * Level 1.6 Dodging
 + Level 2.8 Shields


You had 4 spell levels left.
You didn't know any spells.
Your spell library contained the following spells:

 Spells                   Type           Power      Damage    Failure   Level
 Sting                    Tmut/Pois      0%         1d3       83%         1
 Corpse Rot               Necr/Air       0%         N/A       93%         2
 Ensorcelled Hibernation  Hex/Ice        0%         N/A       93%         2
 Passwall                 Tmut/Erth      0%         N/A       93%         2
 Poisonous Vapours        Pois/Air       0%         N/A       93%         2
 Swiftness                Air            0%         N/A       99%         3
 Dispel Undead            Necr           0%         3d6       100%        4
 Olgreb's Toxic Radiance  Pois           0%         N/A       100%        4
 Death Channel            Necr           0%         N/A       100%        6


Dungeon Overview and Level Annotations

Branches:
Dungeon (4/15)
 Temple: D:4-7

Altars:


Innate Abilities, Weirdness & Mutations

You are immune to poison.
Your flesh is cold resistant. (rC+)
You are immune to negative energy. (rN+++)
You are immune to unholy pain and torment.
You are vulnerable to heat. (rF-)
You do not drink.


Message History

A yak comes into view.
The endoplasm hits you but does no damage.
The endoplasm freezes you.
You are frozen.
You resist.
The yak bellows!
You slash the endoplasm!
You kill the endoplasm!
You hear a bellow!
An orc comes into view. It is wielding a +0 hand axe.
A yak comes into view.
The orc moves out of view.
You hear a shout! x2
A yak comes into view.
The yak moves out of view.
A worm comes into view.
There is a stone staircase leading up here.
The yak barely misses you. The orc closely misses you. The yak gores you!
You climb upwards.
There is a stone staircase leading down here.
You barely miss the yak. You hit the orc. The orc hits you with a +0 hand axe.
The yak barely misses you.
You hit the orc.
The orc is severely wounded.
You hit the yak. The orc closely misses you. The yak gores you.
The orc hits you but does no damage. The yak gores you!
You slash the orc!
You kill the orc!
You hit the yak. The yak gores you!
* * * LOW HITPOINT WARNING * * *
You are too injured to fight recklessly!
You are too injured to fight recklessly!
You are too injured to fight recklessly!
You are too injured to fight recklessly!
You hit the yak.
The yak is lightly wounded.
The yak gores you.
* * * LOW HITPOINT WARNING * * *
The yak gores you!
You die...

#.###.#.# #.#####...# #.#.# #.##
#...#.#.# #.........# #.#.# #.##
#...#.#.# #.#####.#.# #.#.# #.##
##.......###.# #.#.# #.#.# #.##
.............# ###.#.###.#.###.##
.............###..............>##
.........###.............########
.#..)##..###..##.#....##.# #
.#...#..........@...#..#.########
.#.†.#..####...).Y.###...........
.##.##..# #........#).#.########
....##..#####..###...)##.#
...............# #<#####.#
######..####...# #.# #.# #..#
#...# #.# #.# #..####.).# #.# #.#
#.........###.#####.#


You could see a yak.

Vanquished Creatures
  A black bear (D:3)
  An orc priest (D:3)
  An orc wizard (D:2)
  2 adders (D:2)
  2 worms
  A dart slug (D:3)
  7 orcs (D:3)
  6 bats
  4 endoplasms
  5 giant cockroaches
  8 goblins
  6 hobgoblins
  A quokka (D:1)
  3 ball pythons
  2 frilled lizards
  13 kobolds
  A rat (D:3)
64 creatures vanquished.

Notes
Turn   | Place    | Note
-------+----------+-------------------------------------------
     0 | D:1      | grumblor the Mummy Fighter began the quest for the Orb.
     0 | D:1      | Reached XP level 1. HP: 18/18 MP: 1/1
   541 | D:1      | Reached XP level 2. HP: 24/24 MP: 2/2
  1103 | D:2      | Reached XP level 3. HP: 21/29 MP: 3/3
  2537 | D:2      | Reached skill level 1 in Dodging
  2537 | D:2      | Reached XP level 4. HP: 20/35 MP: 4/4
  2784 | D:3      | Noticed a black bear
  2795 | D:3      | Killed a black bear
  2796 | D:3      | Reached XP level 5. HP: 35/42 MP: 5/5
  3297 | D:3      | Reached skill level 4 in Fighting
  3808 | D:4      | Noticed a yak
  3808 | D:4      | Noticed a yak
  3809 | D:4      | Noticed a yak
  3810 | D:4      | Noticed a yak
  3811 | D:4      | Noticed a yak
  3833 | D:3      | Slain by a yak

Illustrated notes

Levels and vault maps discovered:
D:1:      dpeg_arrival_court, layout_rooms
D:2:      layout_loops_ring
D:3:      layout_loops_ring, minmay_misc_feat_plants
D:4:      corexii_shack_village, layout_cave_pools, tgw_kikubaaqudgha,
          kennysheep_mini, temple_statues, minivault_11,
          minmay_manual_monstrance, uniq_duvessa, uniq_grinder, uniq_menkaure

Skill      XL: |  1  2  3  4  5 |
---------------+----------------+-----
Axes           | 2 3 |  3.0
Armour         | 3 |  3.3
Dodging        | 1 |  1.6
Fighting       | 4 |  4.0
Shields        | |  2.8

Action                   |  1- 3 |  4- 6 || total
-------------------------+-------+-------++-------
Melee: War axe           |   116 |    86 ||   202
  Use: Scroll            |     5 |       ||     5
Armor: Scale mail        |    68 |    40 ||   108
Dodge: Dodged            |    55 |    47 ||   102
Block: Buckler           |    34 |    22 ||    56

Table legend: (Time is in decaauts)
 A = Elapsed time spent in this place.
 B = Non-inter-level travel time spent in this place.
 C = Inter-level travel time spent in this place.
 D = Time resting spent in this place.
 E = Time spent auto-exploring this place.
 F = Levels seen in this place.
 G = Mean time per level.
                   A        B        C        D        E       F      G
               +--------+--------+--------+--------+--------+-----+--------+
         Total |   3920 |   3831 |     89 |   1263 |   2041 |   4 |  980.0 |
       Dungeon |   3920 |   3831 |     89 |   1263 |   2041 |   4 |  980.0 |
               +--------+--------+--------+--------+--------+-----+--------+

Top non-repeatable levels by time:
     D:2: 1850 daAuts
     D:3: 1065 daAuts
     D:1: 970 daAuts
     D:4: 34 daAuts
